 Dungeon Crawl Stone Soup version 0.26-b1-52-g61e05abef2 (webtiles) character file.

Game seed: 8682083755986829860

5063 H0rd4k the Thaumaturge (level 10, -8/50 HPs)
             Began as a Deep Elf Hedge Wizard on Jan 7, 2021.
             Mangled by a hornet (12 damage)
             ... on level 8 of the Dungeon.
             The game lasted 00:29:08 (15674 turns).

H0rd4k the Thaumaturge (Deep Elf Hedge Wizard)     Turns: 15674, Time: 00:29:09

Health: -8/50      AC:  5    Str:  7    XL:     10   Next: 31%
Magic:  13/29      EV: 29    Int: 23    God:
Gold:   1111       SH:  0    Dex: 14    Spells: 22/35 levels left

rFire    . . .     SeeInvis .   a - +0 dagger
rCold    . . .     Faith    .   (no shield)
rNeg     + . .     Spirit   .   b - +0 robe
rPois    .         Reflect  .   K - +2 helmet
rElec    .         Harm     .   (no cloak)
rCorr    .         Rampage  .   (no gloves)
Will     +....                  (no boots)
Stlth    +++.......             M - amulet of the acrobat
HPRegen  0.16/turn              i - ring of positive energy
MPRegen  0.21/turn              L - ring of wizardry

@: lethally poisoned (-8 -> -13), acrobat, slowed, very slow
A: no striking features
a: no special abilities


You were on level 8 of the Dungeon.
You visited 1 branch of the dungeon, and saw 9 of its levels.

You collected 1221 gold pieces.
You spent 110 gold pieces at shops.

Inventory:

Hand Weapons
 a - a +0 dagger (weapon)
 G - a +2 shortbow of flaming
Missiles
 p - 29 poisoned darts
 r - 5 silver boomerangs
 H - 237 arrows
Armour
 b - a +0 robe (worn)
 c - a +0 hat
 n - the +4 chain mail of Duplav {rElec rF- Int+2 Dex+3}
   (You found it on level 5 of the Dungeon)

   It affects your intelligence (+2).
   It affects your dexterity (+3).
   It makes you vulnerable to fire.
   It insulates you from electricity.
 K - a +2 helmet (worn)
Jewellery
 i - a ring of positive energy (left hand)
 z - an uncursed ring of resist corrosion
 L - a ring of wizardry (right hand)
 M - an amulet of the acrobat (around neck)
Wands
 q - a wand of polymorph (8)
 A - a wand of acid (5)
 I - a wand of flame (83)
 N - a wand of iceblast (13)
Scrolls
 d - 3 scrolls of teleportation
 f - a scroll of torment {unknown}
 h - 5 scrolls of remove curse
 m - 2 scrolls of immolation
 s - 4 scrolls of enchant armour {unknown}
 t - 2 scrolls of fear
 y - 4 scrolls of magic mapping
 B - a scroll of amnesia {unknown}
 D - a scroll of noise {unknown}
 F - a scroll of summoning {unknown}
 J - 2 scrolls of blinking {unknown}
 O - a scroll of enchant weapon
Potions
 e - a potion of degeneration
 g - 7 potions of heal wounds
 j - 4 potions of attraction
 k - a potion of berserk rage
 l - 3 potions of might
 o - a potion of ambrosia
 u - 4 potions of brilliance
 v - a potion of haste {unknown}
 w - a potion of cancellation {unknown}
 x - a potion of curing
 C - a potion of resistance {unknown}
 E - a potion of flight {unknown}


   Skills:
 + Level 4.1 Dodging
 + Level 4.1 Stealth
 + Level 13.2 Spellcasting
 + Level 10.1 Conjurations
 + Level 2.5 Summonings
 + Level 2.6 Translocations
 + Level 3.2 Fire Magic
 + Level 1.8 Air Magic
 + Level 2.0 Poison Magic
 + Level 1.7 Evocations


You had 22 spell levels left.
You knew the following spells:

 Your Spells              Type           Power        Failure   Level
a - Magic Dart            Conj           100%         1%          1
b - Blink                 Tloc           N/A          1%          2
c - Conjure Flame         Conj/Fire      45%          1%          3
d - Mephitic Cloud        Conj/Pois/Air  36%          1%          3
e - Summon Lightning Spi  Summ/Air       25%          6%          4

Your spell library contained the following spells:

 Spells                   Type           Power        Failure   Level
 Summon Small Mammal      Summ           100%         1%          1
 Call Imp                 Summ           26%          1%          2
 Call Canine Familiar     Summ           26%          1%          3
 Slow                     Hex            15%          2%          2
 Summon Guardian Golem    Hex/Summ       21%          3%          3
 Summon Ice Beast         Ice/Summ       21%          10%         4


Dungeon Overview and Level Annotations

Branches:
Dungeon (9/15)             Temple (0/1) D:7             Orc (0/2) D:9
   Lair: D:8-11

Altars:
Dithmenos
The Shining One

Shops:
D:4 ?

Annotations:
D:1 exclusion: 2 downstairs
D:3 exclusion: 2 downstairs
D:4 exclusion: 2 downstairs
D:6 exclusion: upstairs
D:7 1 transporter, exclusion: 2 downstairs
D:8 Harold
D:9 exclusion: upstairs


Message History

You feel yourself slow down.
You can move again.
Unknown command.
Sorry, you're not good enough to have a special ability.
Casting: Magic Dart (safe; 1% risk of failure)
Confirm with . or Enter, or press ? or * to list all spells.
Aiming: Magic Dart (safe; 1% risk of failure)
Press: ? - help, Shift-Dir - straight line, f/p - hornet
Aim: a hornet (almost dead, 0% to evade)
The magic dart hits the hornet.
The hornet is almost dead.
You feel sick. The hornet stings you!
* * * LOW HITPOINT WARNING * * *
You feel as though you will be slow longer.
The hornet stings you but does no damage.
You feel sick. The hornet stings you!
* * * LOW HITPOINT WARNING * * *
You feel as though you will be slow longer.
The hornet closely misses you. The hornet stings you!
You die...

####...##♣♣♣♣.##♣'♣##♣.♣.♣#♣#.#♣#
.##.###.#♣..).#.....#.♣.♣.#♣♣.♣♣#
.##.....#♣.♣♣♣#.♣♣♣.#♣.♣.♣#♣.♣.♣#
.##.♣.♣.#♣♣.♣♣#.♣ ♣.#.♣O♣.#.♣♣♣.#
.##.♣.♣.# ♣♣.♣#.♣♣♣.#♣.♣.♣#♣.♣.♣#
.##♣♣.♣♣# ♣.♣♣#.....#.♣.♣§#♣♣.♣♣#
@# ### ### ##♣.♣##############
.#### ♣♣.....♣♣ #......# ....#
#♣♣♣♣..@y...♣♣♣♣#...#.##
....######.......≈.......###.#.##
........##♣♣♣♣.......♣♣♣♣# #.#...
........# ♣♣....)♣♣ #.####
.##.<...#########.##########.####
.##.....#...8..).................
.'........######..#######........
.##.....#.....[........###.......
.#################...............


You could see a hornet.

Vanquished Creatures
  A komodo dragon (D:8)
  A troll (D:9)
  Prince Ribbit (D:6)
  A shadow (D:8)
  Sigmund (D:6)
  A vampire mosquito (D:7)
  3 orc warriors (D:8)
  3 ice beasts
  2 phantoms
  2 sky beasts
  A black bear (D:6)
  5 centaurs
  5 ogres
  2 big kobolds
  4 bullfrogs
  6 scorpions
  5 wights
  3 killer bees (D:7)
  2 jellies
  An orc priest (D:7)
  6 hounds
  3 orc wizards
  2 bullfrog skeletons (D:5)
  3 iguanas
  Natasha (thrice) (D:2)
  4 worker ants
  2 hound skeletons
  2 howler monkey skeletons
  8 adders
  2 white imps
  5 ufetubi
  3 oozes
  3 adder skeletons
  An adder zombie (D:9)
  5 worms
  7 leopard geckos
  14 orcs
  2 bats
  6 giant cockroaches
  5 goblins
  10 hobgoblins
  8 jackals
  11 kobolds
  7 quokkas
  2 ball pythons
  A ball python skeleton (D:5)
  9 frilled lizards
  2 leopard gecko skeletons
  A leopard gecko zombie (D:5)
  A quokka skeleton (D:5)
  7 rats
195 creatures vanquished.

Vanquished Creatures (collateral kills)
  An ogre (D:8)
  3 wights (D:8)
  An orc priest (D:8)
  An orc (D:8)
6 creatures vanquished.

Vanquished Creatures (others)
  5 fungi (D:4)
  8 plants (D:8)
  3 toadstools (D:4)
16 creatures vanquished.

Grand Total: 217 creatures vanquished

Notes
Turn   | Place    | Note
-------+----------+-------------------------------------------
     0 | D:1      | H0rd4k the Deep Elf Hedge Wizard began the quest for the
                  | Orb.
     0 | D:1      | Reached XP level 1. HP: 10/10 MP: 7/7
   410 | D:1      | Reached skill level 5 in Spellcasting
   410 | D:1      | Reached XP level 2. HP: 15/15 MP: 1/10
  1190 | D:1      | Reached XP level 3. HP: 18/19 MP: 3/12
  1204 | D:1      | Learned a level 2 spell: Blink
  1208 | D:1      | Learned a level 3 spell: Conjure Flame
  1212 | D:1      | Learned a level 3 spell: Mephitic Cloud
  1489 | D:2      | Noticed Natasha
  1750 | D:2      | Found a shadowy altar of Dithmenos.
  2145 | D:2      | Reached skill level 6 in Spellcasting
  2503 | D:2      | Killed Natasha
  2504 | D:2      | Reached XP level 4. HP: 9/24 MP: 3/14
  2801 | D:2      | Noticed Natasha
  3255 | D:2      | Killed Natasha
  3256 | D:2      | Reached skill level 1 in Fire Magic
  3277 | D:2      | Noticed Natasha
  3283 | D:2      | Killed Natasha
  3284 | D:2      | Reached XP level 5. HP: 6/28 MP: 8/16
  3755 | D:3      | Reached skill level 1 in Poison Magic
  4500 | D:3      | Reached skill level 1 in Air Magic
  4946 | D:4      | Noticed a phantom
  5541 | D:4      | Killed a phantom
  5542 | D:4      | Reached skill level 7 in Spellcasting
  5542 | D:4      | Reached XP level 6. HP: 13/32 MP: 10/18
  5823 | D:4      | Found Riutzisikk's Magic Scroll Shoppe.
  5831 | D:4      | Bought a scroll of identify for 26 gold pieces
  5831 | D:4      | Bought a scroll of remove curse for 39 gold pieces
  5831 | D:4      | Bought a scroll of magic mapping for 45 gold pieces
  6069 | D:5      | Entered Level 5 of the Dungeon
  6239 | D:5      | Noticed an ice beast
  6418 | D:5      | Got a shimmering chain mail
  6511 | D:5      | Reached skill level 1 in Evocations
  6511 | D:5      | Reached XP level 7. HP: 36/36 MP: 10/20
  6636 | D:6      | Reached skill level 8 in Spellcasting
  6779 | D:6      | Reached skill level 5 in Conjurations
  7588 | D:6      | Noticed Prince Ribbit
  7612 | D:6      | Killed Prince Ribbit
  7613 | D:6      | Reached XP level 8. HP: 41/41 MP: 2/22
  7623 | D:6      | Identified the +4 chain mail of Duplav {rElec rF- Int+2
                  | Dex+3} (You found it on level 5 of the Dungeon)
  7901 | D:5      | Reached skill level 9 in Spellcasting
  8867 | D:5      | Reached skill level 10 in Spellcasting
  9481 | D:6      | Noticed Sigmund
  9517 | D:6      | Killed Sigmund
  9905 | D:7      | Reached XP level 9. HP: 34/45 MP: 10/25
 10184 | D:7      | Found a staircase to the Ecumenical Temple.
 10187 | D:7      | Found a faded altar of an unknown god.
 10746 | D:7      | Reached skill level 11 in Spellcasting
 11006 | D:7      | Noticed a troll
 11020 | D:7      | Found a transporter.
 12232 | D:8      | Noticed a komodo dragon
 12242 | D:8      | Killed a komodo dragon
 12243 | D:8      | Reached skill level 12 in Spellcasting
 13344 | D:8      | Reached XP level 10. HP: 27/50 MP: 17/28
 13652 | D:9      | Learned a level 4 spell: Summon Lightning Spire
 13734 | D:9      | Found a glowing golden altar of the Shining One.
 14045 | D:9      | Found a staircase to the Orcish Mines.
 14882 | D:8      | Reached skill level 10 in Conjurations
 15090 | D:8      | Reached skill level 13 in Spellcasting
 15490 | D:8      | Noticed Harold
 15671 | D:8      | Paralysed by a hornet for 2 turns
 15674 | D:8      | Mangled by a hornet

Illustrated notes

Levels and vault maps discovered:
D:1:      saegor_arrival_simple_e, layout_loops_corners, chequers_mini_garden,
          minivault_26
D:2:      layout_loops_ring, grunt_dithmenos_smoke, uniq_natasha
D:3:      layout_basic
D:4:      layout_gridville, serial_shops, shop, minmay_gold_behind_fungi,
          wad_floor_pattern_untrapped, grunt_tough_drop
D:5:      minmay_polygon_palace, layout_rooms, minmay_circle_x
D:6:      layout_loops_corners, uniq_sigmund, uniq_prince_ribbit1
D:7:      gammafunk_the_bubble [the_bubble_gammafunk_plus_minus],
          layout_loops_ring, nicolae_temple_entry_ecumenical
D:8:      nzn_winding_woodlands_stair_cross [nzn_winding_woodlands_5x15_garden,
          nzn_winding_woodlands_center_diamonds,
          nzn_winding_woodlands_5x15_split_checker,
          nzn_winding_woodlands_5x5_perimeter,
          nzn_winding_woodlands_5x5_open_star,
          nzn_winding_woodlands_5x15_jagged,
          nzn_winding_woodlands_center_pierced_h,
          nzn_winding_woodlands_5x15_parted], layout_basic, uniq_harold
D:9:      layout_basic, nicolae_tso_swordbearing_angel, orc_0_dummy

Skill      XL: |  1  2  3  4  5  6  7  8  9 10 |
---------------+-------------------------------+-----
Spellcasting   | 5 6 7 8 10 12 13 | 13.2
Conjurations   | 2 3 4 6 8 9 10 | 10.1
Fire Magic     | 1 2 3 |  3.2
Stealth        | 3 4 |  4.1
Poison Magic   | 1 2 |  2.0
Air Magic      | 1 |  1.8
Dodging        | 3 4 |  4.1
Evocations     | 1 |  1.7
Translocations | 2 |  2.6
Summonings     | 2 |  2.5

Action                   |  1- 3 |  4- 6 |  7- 9 | 10-12 || total
-------------------------+-------+-------+-------+-------++-------
Melee: Dagger            |     1 |     1 |       |       ||     2
 Cast: Magic Dart        |   121 |   195 |   483 |   137 ||   936
       Blink             |       |     5 |    20 |     6 ||    31
       Conjure Flame     |       |     3 |    40 |    17 ||    60
       Mephitic Cloud    |       |     2 |    26 |     3 ||    31
       Summon Lightning  |       |       |       |     7 ||     7
Evoke: Wand              |       |    11 |     6 |       ||    17
  Use: Scroll            |       |       |    11 |     3 ||    14
Armor: Robe              |     2 |     3 |     9 |     7 ||    21
Dodge: Dodged            |    12 |    39 |    72 |    30 ||   153
